Map: Dusk Towers

Players

Techari

  • Race: Terran Terran
  • League: Diamond

blackxored - Winner!

  • Race: Zerg Zerg
  • League: Diamond

VOD

Have the link to the VOD?

Description

Time

  • Played on: July 3, 2016, 4:08 p.m.
  • Length: 9:07
Show
View Real Time Build Order
Export as new Build Order

Techari Terran 

Build Orders: Reaper Expand 

Get SALT Encoding   

  12  0:02  SCV  
  13  0:14  SCV  
  14  0:18  Supply Depot  
  14  0:26  SCV  
  15  0:40  SCV  
  15  0:41  Barracks  
  16  0:46  Refinery  
  16  0:52  SCV  
  17  1:04  SCV  
  18  1:17  SCV  
  19  1:30  Orbital Command  
  19  1:32  Reaper  
  20  1:43  Command Center  
  20  1:53  Supply Depot  
  20  1:58  SCV  
  21  2:07  Marine, Barracks  
  22  2:16  Refinery  
  22  2:19  SCV  
  23  2:26  Barracks Reactor  
  23  2:33  SCV  
  24  2:38  Factory  
  24  2:45  Supply Depot  
  24  3:08  SCV  
  24  3:09  Barracks Reactor  
  24  3:11  Barracks Tech Lab  
  24  3:12  Marine x2  
  27  3:17  Supply Depot, Orbital Command  
  27  3:22  Barracks  
  27  3:27  Factory Reactor  
  27  3:29  Starport  
  27  3:32  Marine x2  
  29  3:38  SCV  
  30  3:44  Stimpack  
  30  3:45  Marine  
  31  3:57  Engineering Bay  
  30  4:13  Widow Mine x2  
  34  4:17  Medivac  
  34  4:19  SCV  
  34  4:22  Factory  
  37  4:28  SCV  
  38  4:31  Barracks Tech Lab, Barracks  
  38  4:36  Marine x2  
  38  4:38  Marauder  
  42  4:49  Terran Infantry Weapons Level 1, Missile Turret  
  42  4:57  Marine  
  42  4:58  Marauder  
  45  5:05  SCV  
  46  5:07  Factory Tech Lab  
  46  5:08  Starport Reactor  
  46  5:20  SCV  
  46  5:21  SCV  
  48  5:23  Refinery  
  48  5:24  Marine x2  
  48  5:26  Refinery  
  50  5:31  Siege Tank  
  53  5:45  Liberator  
  53  5:48  Missile Turret  
  53  5:49  SCV  
  55  5:50  SCV, Missile Turret  
  55  5:51  Missile Turret  
  55  6:00  Supply Depot  
  55  6:01  SCV  
  59  6:09  Siege Tank  
  62  6:14  Supply Depot  
  62  6:15  Widow Mine x2  
  66  6:24  Supply Depot  
  66  6:29  Engineering Bay  
  66  6:37  Armory  
  66  6:40  Marine  
  66  6:41  Supply Depot  
  67  7:01  Marine x2  
  68  7:02  Marauder  
  71  7:12  Widow Mine x2  
  71  7:14  Medivac x2  
  79  7:23  SCV  
  79  7:24  SCV  
  79  7:27  Liberator x2  
  81  7:32  Missile Turret  
  87  7:59  Command Center  
  87  8:15  Marine x3  
  87  8:16  Marauder  
  92  8:29  Siege Tank, Widow Mine  
  92  8:30  Widow Mine  
  92  8:32  Marine  
Show
View Real Time Build Order
Export as new Build Order

blackxored Zerg - Winner!

Build Orders: Hatch First 

Get SALT Encoding   

  12  0:01  Drone  
  13  0:08  Drone  
  14  0:17  Overlord  
  14  0:22  Extractor  
  14  0:23  Drone  
  15  0:36  Drone x2  
  17  0:52  Hatchery  
  17  0:56  Drone  
  17  0:59  Drone  
  18  1:10  Extractor  
  17  1:13  Spawning Pool  
  17  1:15  Drone  
  17  1:20  Drone  
  18  1:31  Drone  
  19  1:39  Overlord  
  19  1:49  Drone  
  20  2:00  Queen  
  20  2:01  Zergling x2  
  23  2:04  Queen  
  23  2:05  Zergling x2  
  26  2:11  Drone  
  27  2:16  Metabolic Boost, Zergling x2  
  28  2:31  Hatchery  
  28  2:37  Drone x3  
  29  2:43  Overlord  
  30  2:52  Pneumatized Carapace  
  29  3:09  Drone  
  29  3:10  Drone x5  
  35  3:17  Overlord  
  35  3:23  Drone  
  35  3:24  Drone x4  
  35  3:26  Drone  
  41  3:35  Drone  
  41  3:39  Overlord  
  41  3:40  Overlord  
  42  3:56  Queen  
  42  3:57  Baneling Nest  
  42  4:02  Spine Crawler  
  42  4:15  Zergling x10  
  42  4:16  Zergling x8  
  51  4:41  Spore Crawler  
  50  4:46  Drone x3  
  50  4:47  Drone x3  
  50  4:50  Baneling x7  
  50  4:52  Spore Crawler x2  
  54  4:54  Drone  
  54  4:55  Queen x2, Spore Crawler  
  54  4:59  Queen  
  60  5:13  Zergling x14  
  67  5:29  Zergling x12  
  67  5:33  Lair  
  73  5:41  Overlord  
  73  5:50  Overlord  
  73  5:58  Queen x2  
  77  6:04  Drone x3  
  77  6:05  Extractor  
  79  6:11  Drone x11  
  90  6:31  Overlord x3, Drone, Hatchery  
  90  6:33  Centrifical Hooks  
  90  6:47  Hatchery  
  90  6:50  Drone x2  
  90  6:51  Evolution Chamber  
  90  6:53  Drone x2, Evolution Chamber  
  90  6:54  Drone x3  
  94  6:55  Drone  
  94  6:58  Extractor, Drone  
  94  6:59  Drone  
  94  7:00  Extractor  
  95  7:11  Drone  
  95  7:12  Drone x2  
  98  7:17  Extractor  
  98  7:19  Extractor  
  96  7:26  Zergling x20  
  106  7:33  Spire  
  105  7:42  Drone  
  105  7:43  Overlord x2, Drone  
  105  7:44  Overlord  
  107  7:50  Drone x2  
  109  7:51  Queen  
  111  8:12  Drone x14  
  124  8:30  Zergling x22  
  124  8:32  Baneling x15  
Tags
 
Add a new tag
Caveats
  • Supply blocks, unpowered buildings, or Contaminate may cause inaccurate times.
  • Supply counts are checked every 10 seconds.